 Dungeon Crawl Stone Soup version 0.31-a0-198-g2ad674f65e (webtiles) character file.

Game seed: 9501222695052290511

30 qw the Shooter (level 3, -1/20 HPs)
             Began as a Deep Elf Hunter on June 25, 2023.
             Slain by Sigmund
             ... wielding a +0 scythe
              (4 damage)
             ... on level 2 of the Dungeon.
             The game lasted 00:00:17 (1077 turns).

qw the Shooter (Deep Elf Hunter)                    Turns: 1077, Time: 00:00:18

Health: -1/20      AC:  4    Str: 10    XL:     3   Next: 3%
Magic:  0/5        EV: 12    Int: 13    God:
Gold:   27         SH:  0    Dex: 18    Spells: 2/2 levels left

rFire   . . .        Y - +0 shortbow
rCold   . . .        (shield currently unavailable)
rNeg    . . .        c - +0 leather armour
rPois   .            (no helmet)
rElec   .            g - +0 cloak
rCorr   .            (no gloves)
SInv    .            (no boots)
Will    .....        h - amulet of guardian spirit
Stlth   ++           (no ring)
HPRegen 0.23/turn    (no ring)
MPRegen 0.09/turn

%: guardian spirit
@: no status effects
A: no striking features
a: no special abilities


You were on level 2 of the Dungeon.
You visited 1 branch of the dungeon, and saw 2 of its levels.

You collected 27 gold pieces.


   Skills:
 - Level 1.5 Fighting
 + Level 6.6 Ranged Weapons
 - Level 2.4 Dodging
 - Level 1.2 Stealth


You had 2 spell levels left.
You didn't know any spells.
Your spell library was empty.

Inventory:

Hand Weapons
 Y - a +0 shortbow (weapon)
Armour
 a - a +0 scale mail
 c - a +0 leather armour (worn)
 g - a +0 cloak (worn)
Jewellery
 h - an amulet of guardian spirit (around neck)
Potions
 d - a potion of mutation {unknown}

Dungeon Overview and Level Annotations

Branches:
Dungeon (2/15)

Altars:

Annotations:
D:2 Sigmund


Message History

Found 9 stones.
Found a stone staircase leading down.
Found 3 poisoned darts.
a - a +0 scale mail You now have 27 gold pieces (gained 7).
A kobold comes into view. It is wielding a +0 short sword.
The kobold shouts!
You hear a shout!
You shoot an arrow. The arrow closely misses the kobold.
The kobold throws a stone.
The stone hits you but does no damage.
You shoot an arrow. The arrow hits the kobold.
The kobold is severely wounded.
The kobold throws a stone.
The stone barely misses you.
You shoot an arrow. The arrow hits the kobold.
You kill the kobold!
Sigmund the Dreaded comes into view.
He is wielding a +0 scythe.
Sigmund shouts!
You shoot an arrow.
The arrow hits Sigmund but does no damage.
You shoot an arrow. The arrow hits Sigmund!
Sigmund is moderately wounded.
You shoot an arrow. The arrow barely misses Sigmund.
Sigmund casts a spell at you. You resist with some effort.
Sigmund hits you from afar with a +0 scythe!
You shoot an arrow. The arrow hits Sigmund.
Sigmund is heavily wounded.
You shoot an arrow. The arrow hits Sigmund.
Sigmund is severely wounded.
Sigmund gestures wildly while chanting.
Sigmund flickers and vanishes!
Deactivating autopickup; reactivate with Ctrl-A.
You shoot an arrow. Something hits you.
You shoot an arrow. Something hits you.
You shoot an arrow. Something hits you.
You shoot an arrow. You shoot an arrow. Something hits you.
You die...

# #.. ## #.# .# #.#
###### #.# .....# #.#
####.##########.#######.
# #.##.................
# #(##.####.......####
## #.##.####.#..@#......
.###...............#####
......#.####.#...#{#
.###.##.# #.#.#.#)..
........# #..###.....
.....#### #.#. #......
...### #.##. .##### .###
#.# ## # .# #.#


There were no monsters in sight!

Vanquished Creatures
  A dart slug (D:1)
  3 endoplasms (D:1)
  A giant cockroach (D:1)
  3 hobgoblins
  2 kobolds
  5 quokkas (D:1)
  2 ball pythons
  2 bats (D:1)
  A frilled lizard (D:1)
  2 goblins (D:1)
  3 rats (D:1)
25 creatures vanquished.

Notes
Turn   | Place    | Note
-------+----------+-------------------------------------------
     0 | D:1      | qw the Deep Elf Hunter began the quest for the Orb.
     0 | D:1      | Reached XP level 1. HP: 12/12 MP: 3/3
     0 | D:1      | 0 ||| qw: Version: 0.3-a-22-g0ed2b0b
     0 | D:1      | 0 ||| qw: Game counter: 4961
     0 | D:1      | 0 ||| qw: Melee chars always use a shield: true
     0 | D:1      | 0 ||| qw: God list: Okawaru
     0 | D:1      | 0 ||| qw: Allow faded altars: false
     0 | D:1      | 0 ||| qw: Do Orc after clearing Dungeon:15 true
     0 | D:1      | 0 ||| qw: Do second Lair branch before Depths: true
     0 | D:1      | 0 ||| qw: Lair rune preference: random
     0 | D:1      | 0 ||| qw: Goals: Normal
     0 | D:1      | 0 ||| PLANNING D:1-11
   200 | D:1      | Reached XP level 2. HP: 16/16 MP: 4/4
   214 | D:1      | Reached skill level 6 in Ranged Weapons
   972 | D:1      | 972 ||| UPGRADING to +0 cloak.
   977 | D:1      | 977 ||| DROPPING amulet of magic regeneration.
   978 | D:1      | 978 ||| UPGRADING to amulet of guardian spirit.
   983 | D:1      | 983 ||| READING scroll labelled YGUBLE TENOERGH.
   986 | D:1      | 986 ||| DROPPING scroll of butterflies.
  1034 | D:2      | Reached XP level 3. HP: 20/20 MP: 5/5
  1067 | D:2      | Noticed Sigmund
  1075 | D:2      | HP: 3/20 [something (5)]
  1077 | D:2      | Slain by Sigmund

Levels and vault maps discovered:
D:1:      evilmike_arrival_rings, layout_loops_corners
D:2:      layout_loops_ring, uniq_jessica, uniq_natasha, uniq_sigmund

Skill      XL: |  1  2 |
---------------+-------+-----
Ranged Weapons | 6 |  6.6
Fighting       | |  1.5
Dodging        | |  2.4
Stealth        | |  1.2

Action                     || total
---------------------------++-------
   Fire: Shortbow          ||    62
    Use: Scroll            ||     1
 Armour: Leather armour    ||     5
  Dodge: Dodged            ||    11

Table legend:
 A = Non-vault XP
 B = Vault XP
 C = Vault XP percentage of total XP
 D = Non-vault monster count
 E = Vault monster count
 F = Vault count percentage of total count
                 A         B        C        D         E       F
            +---------+---------+-------+---------+---------+-------
      Total |      43 |       0 |   0.0 |      25 |       0 |   0.0
            +---------+---------+-------+---------+---------+-------
        D:1 |      37 |       0 |   0.0 |      22 |       0 |   0.0
        D:2 |       6 |       0 |   0.0 |       3 |       0 |   0.0
            +---------+---------+-------+---------+---------+-------
